 Dungeon Crawl Stone Soup version 0.28.0-53-g5a82cb258f (webtiles) character file.

Game seed: 6516284996919189473

21 InfernalToast the Skirmisher (level 3, -10/23 (29) HPs)
             Began as a Human Berserker on June 25, 2022.
             Was a Believer of Trog.
             Mangled by Terence
             ... wielding the +7 Throatcutter {drain, coup de grace}
              (12 damage)
             ... on level 1 of the Dungeon.
             The game lasted 00:09:18 (1132 turns).

InfernalToast the Skirmisher (Human Berserker)      Turns: 1132, Time: 00:09:18

HP:   -10/23 (29)   AC:  8    Str: 19    XL:     3   Next: 5%
MP:   3/3           EV:  8    Int:  7    God:    Trog [**....]
Gold: 13            SH:  0    Dex: 12    Spells: 2/2 levels left

rFire   . . .      SeeInvis .   a - +0 mace
rCold   . . .      Faith    .   (no shield)
rNeg    . . .      Spirit   .   g - +0 chain mail
rPois   .          Reflect  .   (no helmet)
rElec   .          Harm     .   (no cloak)
rCorr   .          Rampage  .   (no gloves)
Will    .....                   (no boots)
Stlth   ..........              (no amulet)
HPRegen 0.07/turn               (no ring)
MPRegen 0.08/turn               (no ring)

@: heavily drained
A: no striking features
a: Renounce Religion, Berserk, Trog's Hand


You were on level 1 of the Dungeon.
You worshipped Trog.
Trog was pleased with you.
You visited 1 branch of the dungeon, and saw 2 of its levels.

You collected 13 gold pieces.

Inventory:

Hand Weapons
 a - a +0 mace (weapon)
 d - a +0 whip
 l - a +0 short sword
Missiles
 e - 41 bolts
 i - 11 arrows
 m - 21 stones (quivered)
Armour
 b - a +0 animal skin
 g - a +0 chain mail (worn)
 h - a +0 leather armour
 k - a +0 leather armour
Scrolls
 f - a scroll of amnesia {unknown}
 j - a scroll of holy word {unknown}
 n - a scroll of identify {unknown}
 o - a scroll of enchant weapon {unknown}
Potions
 c - a potion of berserk rage {unknown}


   Skills:
 + Level 3.3 Fighting
 + Level 3.3 Maces & Flails
 + Level 2.1 Armour
 + Level 2.3 Dodging


You had 2 spell levels left.
You didn't know any spells.
Your spell library was empty.

Dungeon Overview and Level Annotations

Branches:
Dungeon (2/15)

Altars:

Annotations:
D:1 Terence


Message History

Level annotation: Terence
There is a stone staircase leading up here.
You see here a jackal corpse.
You hit Terence.
Terence is moderately wounded.
Terence completely misses you.
You hit Terence but do no damage. Your punch misses Terence.
Terence is moderately wounded.
Terence shouts, "Now you die!"
Terence hits you with the +7 Throatcutter {drain, coup de grace}.
You feel drained.
Terence hits you with the +7 Throatcutter {drain, coup de grace}.
You feel drained.
You climb upwards.
There is a stone staircase leading down here.
Terence hits you with the +7 Throatcutter {drain, coup de grace}.
You feel drained.
You climb downwards.
There is a stone staircase leading up, spattered with blood here.
You see here a jackal corpse.
Terence hits you with the +7 Throatcutter {drain, coup de grace}.
* * * LOW HITPOINT WARNING * * *
You feel drained.
You climb upwards.
There is a stone staircase leading down here.
You closely miss Terence.
Terence is moderately wounded.
Terence closely misses you.
Terence hits you with the +7 Throatcutter {drain, coup de grace}.
* * * LOW HITPOINT WARNING * * *
You feel drained.
* * * LOW HITPOINT WARNING * * *
You sock Terence!
Terence is severely wounded.
Terence closely misses you.
You completely miss Terence.
Terence is severely wounded.
Terence hits you with the +7 Throatcutter {drain, coup de grace}!
Ouch! That really hurt!
You die...

..........#..#.#.# #.....#####..
..........#..#.#.# #............
..........#..#.#.# #.....#######
..........#..#.#.####.....######
.............#.#.#.............##
.............#.#.#...............
...........#.#.#.#...............
................†#...............
..###...........@#...............
..# #..........@.#############...
..###............# #...
..#..............# ##########...
..#..............####............
..#.....................>........
..#..............................
###..............................
#..............................


You could see Terence.

Vanquished Creatures
  2 bats (D:1)
  An endoplasm (D:1)
  8 jackals
  A quokka (D:1)
  4 ball pythons (D:1)
  A frilled lizard (D:1)
  2 kobolds (D:1)
  A rat (D:1)
20 creatures vanquished.

Notes
Turn   | Place    | Note
-------+----------+-------------------------------------------
     0 | D:1      | InfernalToast the Human Berserker began the quest for the
                  | Orb.
     0 | D:1      | Reached XP level 1. HP: 18/18 MP: 1/1
    80 | D:1      | Reached XP level 2. HP: 6/24 MP: 2/2
  1088 | D:2      | Noticed Terence
  1106 | D:1      | Reached XP level 3. HP: 17/29 MP: 3/3
  1116 | D:1      | Reached ** piety under Trog
  1132 | D:1      | Mangled by Terence

Illustrated notes

Levels and vault maps discovered:
D:1:      saegor_arrival_simple_e, layout_basic, minivault_26
D:2:      layout_basic, shapermc_ecumenical_altar_venn, uniq_terence,
          uniq_crazy_yiuf_cottage

Action                   || total
-------------------------++-------
Melee: Mace              ||    41
       Whip              ||    40
       Punch             ||     2
Armor: Chain mail        ||    68
       Animal skin       ||     2
Dodge: Dodged            ||    72
